[Event "Late-Titled-Tuesday-Blitz-March-12-2024"]
[Site "Chess.com"]
[Date "2024.03.12"]
[Round "4"]
[White "only_strong_moves"]
[Black "ansko1999"]
[Result "1-0"]
[WhiteElo "2555"]
[BlackElo "2694"]
[TimeControl "180+1"]
[EndTime "14:37:09 PDT"]
[Termination "only_strong_moves won on time"]

1. Nc3 c5 2. Nf3 Nc6 3. d4 cxd4 4. Nxd4 d5 5. g3 Nf6 6. Bg2 e5 7. Nb3 h6 8. O-O Be7 9. Nxd5 Nxd5 10. Qxd5 Qc7 11. c3 O-O 12. Be3 Bg4 13. Rfe1 Kh8 14.
Bc5 Rad8 15. Qe4 f5 16. Qa4 f4 17. e3 Bd7 18. Qa3 Bxc5 19. Nxc5 Bc8 20. exf4 exf4 21. Rad1 Rxd1 22. Rxd1 Ne5 23. Ne6 Bxe6 24. Qxf8+ Kh7 25.
Qxf4 Qc5 26. Be4+ Ng6 27. Qe3 Qh5 28. Rd6 Bf5 29. Bf3 Qh3 30. Bg2 Qh5 31. Rd5 Qg4 32. h3 1-0

[Event "Late-Titled-Tuesday-Blitz-March-12-2024"]
[Site "Chess.com"]
[Date "2024.03.12"]
[Round "4"]
[White "TheAlienParty"]
[Black "publicaccountcze"]
[Result "1-0"]
[WhiteElo "2388"]
[BlackElo "2179"]
[TimeControl "180+1"]
[EndTime "14:37:10 PDT"]
[Termination "TheAlienParty won on time"]

1. c4 e5 2. Nc3 Nf6 3. Nf3 Nc6 4. e4 g6 5. d4 exd4 6. Nxd4 Bg7 7. Be3 O-O 8. Rc1 Re8 9. f3 Nh5 10.
Be2 Be5 11. g3 Ng7 12. O-O Nxd4 13. Bxd4 Bxd4+ 14. Qxd4 Ne6 15. Qd2 Qg5 16. f4 Qc5+ 17. Rf2 c6 18. Rd1 a5 19. e5 Kg7 20. Ne4 Qb4 21.
Qc2 Re7 22. a3 Qb6 23. c5 Qc7 24. Nd6 b6 25. b4 axb4 26. axb4 bxc5 27. bxc5 Qa7 28.
f5 gxf5 29. Nxf5+ Kf8 30. Nxe7 Kxe7 31. Qxh7 Qxc5 32. Qxf7+ Kd8 33. Qxe6 Ra3 34. Qd6 Qe3 35. Qxc6 Ra1 36. Qd6 Rxd1+ 37. Qxd1 Bb7 38. Qd3 1-0

[Event "Late-Titled-Tuesday-Blitz-March-12-2024"]
[Site "Chess.com"]
[Date "2024.03.12"]
[Round "4"]
[White "RuleOfTwo"]
[Black "Lennis93"]
[Result "0-1"]
[WhiteElo "2479"]
[BlackElo "2699"]
[TimeControl "180+1"]
[EndTime "14:37:13 PDT"]
[Termination "Lennis93 won by resignation"]

1. Nf3 d5 2. g3 Nf6 3. Bg2 Bf5 4. O-O e6 5. c4 c6 6. b3 h6 7. Bb2 Nbd7 8. d4 a5 9. Nbd2 Bh7 10. Re1 a4 11.
Ne5 Bb4 12. Nd3 a3 13. Bc1 Bc3 14. Rb1 Bxd4 15. cxd5 cxd5 16. Nf3 Bb6 17. Bf4 Ne4 18. Rc1 O-O 19. e3 Qf6 20. Nfe5 Nxe5 21. Bxe5 Nxf2 22. Bxf6 Nxd1 23. Bd4 Bxd4 24. exd4 Bxd3 25. Rexd1 Bf5 26. Rc7 Rfc8 27. Rdc1 Rxc7 28. Rxc7 b5 29. Rb7 Bb1 30. Rxb5 Bxa2 0-1

[Event "Late-Titled-Tuesday-Blitz-March-12-2024"]
[Site "Chess.com"]
[Date "2024.03.12"]
[Round "4"]
[White "rezamahdavi2008"]
[Black "NMJeevanK"]
[Result "0-1"]
[WhiteElo "2847"]
[BlackElo "2623"]
[TimeControl "180+1"]
[EndTime "14:37:17 PDT"]
[Termination "NMJeevanK won by resignation"]

1. e4 e5 2. Nf3 d6 3. d4 exd4 4.
Nxd4 Nf6 5. Nc3 Be7 6. Bf4 O-O 7.
Qd2 Nc6 8. O-O-O Nxd4 9. Qxd4 a6 10. f3 b5 11. g4 c5 12. Qd2 Be6 13. Kb1 b4 14.
Nd5 Nxd5 15. exd5 Bd7 16. h4 Bb5 17. h5 c4 18. g5 c3 19. Qg2 cxb2 20. Qg4 Bd7 21.
Qg3 Bf5 22. g6 fxg6 23. hxg6 Bxg6 24. Bh3 Rc8 25. Be6+ Rf7 26. Rh2 b3 27. Qxg6 hxg6 28.
cxb3 Bg5 29. Rdh1 Rc1+ 30. Kxb2 0-1

[Event "Late-Titled-Tuesday-Blitz-March-12-2024"]
[Site "Chess.com"]
[Date "2024.03.12"]
[Round "4"]
[White "ValeriyGrinev"]
[Black "Kosak12"]
[Result "1-0"]
[WhiteElo "2594"]
[BlackElo "2782"]
[TimeControl "180+1"]
[EndTime "14:37:18 PDT"]
[Termination "ValeriyGrinev won by resignation"]

1. d4 d5 2. c4 e5 3. dxe5 d4 4. a3 Nc6 5. e3 dxe3 6. Qxd8+ Kxd8 7. Bxe3 Nxe5 8. Nc3 Be6 9. O-O-O+ Kc8 10. Nd5 c6 11.
Bd4 Nxc4 12. Nf4 Nd6 13. Nxe6 fxe6 14. Bxg7 Bxg7 15. Rxd6 Ne7 16. Bc4 Kc7 17. Rxe6 Rae8 18. Nf3 Nf5 19. Rhe1 Rd8 20. g4 Nd4 21. Re7+ Rd7 22.
Rxd7+ Kxd7 23. Nxd4 Bxd4 24. f4 Rf8 25. f5 Re8 26. Be6+ Kc7 27. g5 Kd6 28. Kc2 c5 29. b3 b5 30. Kd3 a6 31. Re4 Bb2 32. Rh4 Re7 33. Rh6 Rc7 34. Ke4 Bxa3 35. Bc8+ Ke7 36. Rxh7+ Kd8 37. Rxc7 Kxc7 38. Bxa6 Kb6 39. Bc8 c4 40.
bxc4 bxc4 41. Be6 c3 42. Bb3 Kc7 43. f6 Bc1 44. g6 1-0

[Event "Late-Titled-Tuesday-Blitz-March-12-2024"]
[Site "Chess.com"]
[Date "2024.03.12"]
[Round "4"]
[White "FMYiLiu"]
[Black "pirulillo"]
[Result "0-1"]
[WhiteElo "2507"]
[BlackElo "2307"]
[TimeControl "180+1"]
[EndTime "14:37:19 PDT"]
[Termination "pirulillo won by resignation"]

1. d4 Nf6 2. Nf3 g6 3. Nc3 Bg7 4.
e4 d6 5. Be2 O-O 6. h3 c6 7. a4 a5 8. O-O Qc7 9. Be3 e5 10. dxe5 dxe5 11. Bc4 Na6 12. Qe2 h6 13. Rfd1 Re8 14. Rd2 Be6 15. Rad1 Nb4 16. Bxe6 Rxe6 17. Bc5 Bf8 18. Qc4 b5 19. axb5 cxb5 20. Nxb5 Qxc5 21.
Qxc5 Bxc5 22. Nc7 Rae8 23. Rd8 Kg7 24. Rxe8 Nxe8 25. Nxe6+ fxe6 26. Nxe5 Nd6 27. c3 Na6 28. Re1 Kf6 29. Nd7+ Ke7 30. Nxc5 Nxc5 31. f3 a4 32. Ra1 Nc4 33. Ra2 Kd6 34. h4 Kc6 35. g4 Kb5 36. Kg2 Nd3 37. Kg3 g5 38.
hxg5 hxg5 39. Kg2 Ndxb2 40. Kg3 a3 41. f4 gxf4+ 42. Kxf4 Ka4 43. g5 Nd3+ 44. Kf3 Nde5+ 45. Ke2 Kb3 46. Ra1 Kb2 47. Rh1 a2 0-1

[Event "Late-Titled-Tuesday-Blitz-March-12-2024"]
[Site "Chess.com"]
[Date "2024.03.12"]
[Round "4"]
[White "YEIKO2017"]
[Black "Vesapesa"]
[Result "1-0"]
[WhiteElo "2437"]
[BlackElo "2208"]
[TimeControl "180+1"]
[EndTime "14:37:20 PDT"]
[Termination "YEIKO2017 won on time"]

1. e4 e5 2. Nf3 Nc6 3. Bb5 a6 4.
Ba4 d6 5. Bxc6+ bxc6 6. d4 exd4 7.
Nxd4 c5 8. Nf3 g6 9. O-O Bg7 10.
e5 Bg4 11. exd6 cxd6 12. Re1+ Ne7 13. Bg5 Be6 14. Nc3 O-O 15. Nd5 Bxd5 16. Bxe7 Bxf3 17. Qxf3 Qa5 18. Bxf8 Rxf8 19. c3 Qb6 20. Re2 Rb8 21. Rae1 Be5 22. h4 Qa5 23. a3 Qa4 24. h5 Qh4 25. g3 Qg5 26. hxg6 hxg6 27. Qd5 Kg7 28. Rxe5 dxe5 29. Qxe5+ Qxe5 30. Rxe5 c4 31. Re2 Kf6 32. Kf1 Kf5 33. Ke1 f6 34. Kd1 g5 35. Kc2 Rb6 36.
f3 Rc6 37. Re4 Rb6 38. Rxc4 Ke5 39. b4 f5 40. Rc5+ Kf6 41. a4 f4 42. gxf4 gxf4 43.
Kd3 Re6 44. Kd4 Re3 45. Rc6+ Kf5 46. Rxa6 Rxf3 47. Ra8 Rf1 48. a5 f3 49. Ke3 Kg4 50. Rg8+ Kh3 51. a6 1-0

[Event "Late-Titled-Tuesday-Blitz-March-12-2024"]
[Site "Chess.com"]
[Date "2024.03.12"]
[Round "4"]
[White "SirStrateg"]
[Black "DenLaz"]
[Result "0-1"]
[WhiteElo "2650"]
[BlackElo "3046"]
[TimeControl "180+1"]
[EndTime "14:37:21 PDT"]
[Termination "DenLaz won by checkmate"]

1. d4 f5 2. Bg5 h6 3. Bh4 g5 4.
e3 Bg7 5. Bg3 c5 6. c3 Qb6 7.
Qb3 Qxb3 8. axb3 cxd4 9. Bxb8 Rxb8 10. exd4 a6 11. Nd2 Nf6 12. h4 g4 13. Bd3 d6 14.
f4 gxf3 15. Ngxf3 O-O 16. O-O b5 17. b4 Ng4 18. Nh2 Nxh2 19. Kxh2 e5 20. dxe5 dxe5 21. Nb3 e4 22. Be2 Rb6 23. Nc5 Be5+ 24. Kh1 Rd6 25. Rad1 Rfd8 26. Rxd6 Rxd6 27. Rd1 Kg7 28. Kg1 Rxd1+ 29.
Bxd1 Bg3 30. h5 Kf6 31. Kf1 Ke5 32. Bc2 e3 33. Ke2 f4 34. Be4 Bh4 35. Bf3 Bg5 36. Nd3+ Kd6 37. b3 Be6 38. Nc5 Bg8 39. Ne4+ Ke5 40.
Nc5 Be7 41. Nd3+ Kf5 42. Nc1 Bf6 43. Kd3 Ke5 44. c4 Bh7+ 45. Kc3 Kd6# 0-1

[Event "Late-Titled-Tuesday-Blitz-March-12-2024"]
[Site "Chess.com"]
[Date "2024.03.12"]
[Round "4"]
[White "carloseduar100"]
[Black "maximnovik"]
[Result "0-1"]
[WhiteElo "2317"]
[BlackElo "2594"]
[TimeControl "180+1"]
[EndTime "14:37:21 PDT"]
[Termination "maximnovik won by resignation"]

1. e4 c6 2. Nf3 d5 3. Nc3 Bg4 4. d4 e6 5. exd5 cxd5 6. Be2 Nf6 7. Bg5 Nc6 8. Qd2 Be7 9. a3 Bxf3 10. Bxf3 Qb6 11.
O-O Qxd4 12. Nb5 Qxd2 13. Bxd2 O-O-O 14. Rfe1 a6 15. Nc3 Nd4 16. Bd1 Kb8 17. Be3 Nf5 18. Bf4+ Bd6 19. Bxd6+ Nxd6 20. Be2 Rc8 21. Rad1 Nc4 22. Bxc4 Rxc4 23. f3 Rhc8 24. Rd2 d4 25. Ne4 Rxc2 26. Rxd4 Nxe4 27. Rdxe4 Rxb2 28. Rg4 g6 29. Rd1 h5 30. Rf4 f5 31. Rb4 Rxb4 32.
axb4 Rc4 33. Rd6 Rc6 34. Rd8+ Kc7 35. Rg8 e5 36. h4 Kb6 37. Rg7 Rd6 38. Kf2 Kc6 39.
g4 hxg4 40. fxg4 fxg4 41. Kg3 b6 42. Kxg4 Kb5 43. Re7 Kxb4 44. Rxe5 a5 45. Kg5 a4 46.
Re4+ Ka5 47. Re5+ b5 48. Re4 a3 49. Re8 b4 50. Ra8+ Ra6 0-1

[Event "Late-Titled-Tuesday-Blitz-March-12-2024"]
[Site "Chess.com"]
[Date "2024.03.12"]
[Round "4"]
[White "Angry_Twin"]
[Black "Hikaru"]
[Result "1/2-1/2"]
[WhiteElo "2966"]
[BlackElo "3251"]
[TimeControl "180+1"]
[EndTime "14:37:22 PDT"]
[Termination "Game drawn by repetition"]

1. e4 d5 2. exd5 Qxd5 3. Nc3 Qa5 4. d4 c6 5. Nf3 Bf5 6. Bc4 e6 7. Bd2 Nd7 8. O-O Ngf6 9. d5 cxd5 10. Nxd5 Qc5 11.
Nxf6+ gxf6 12. Qe2 Bg4 13. Bb5 Qd5 14. Bf4 Bxf3 15.
gxf3 a6 16. Ba4 b5 17. Bb3 Qf5 18. Qe4 Qxe4 19. fxe4 Rg8+ 20. Kh1 Nc5 21. f3 Kd7 22. a4 Be7 23. Rfd1+ Kc6 24. Be3 Nxb3 25. cxb3 Rgd8 26. Rac1+ Kb7 27. Kg2 Rg8+ 28. Kf2 Rad8 29. Rxd8 Bxd8 30. axb5 axb5 31. Rc5 b4 32. Rb5+ Kc6 33. Rxb4 Bc7 34. Rc4+ Kd7 35. f4 Bd6 36. b4 Rb8 37. Bd2 f5 38. e5 Be7 39. Bc3 Rg8 40. Kf3 h5 41.
Bd4 Rb8 42. Bc3 Rg8 43. Bd4 Rb8 44. Bc3 Rg8 1/2-1/2

[Event "Late-Titled-Tuesday-Blitz-March-12-2024"]
[Site "Chess.com"]
[Date "2024.03.12"]
[Round "4"]
[White "Malev212"]
[Black "trriinu"]
[Result "1-0"]
[WhiteElo "2615"]
[BlackElo "2262"]
[TimeControl "180+1"]
[EndTime "14:37:22 PDT"]
[Termination "Malev212 won on time"]

1. e4 d5 2. exd5 Qxd5 3. Nc3 Qd6 4. Nf3 Nf6 5. Be2 Nc6 6. O-O Bg4 7. d3 e6 8. h3 Bh5 9. Bg5 O-O-O 10. b4 h6 11. Bd2 g5 12. b5 Bxf3 13. Bxf3 Nd4 14. Rb1 g4 15. hxg4 Rg8 16. b6 axb6 17. Nb5 Nxb5 18. Rxb5 Nd7 19. Re1 Be7 20. a4 Bh4 21. Qe2 c6 22. Rb4 Rg6 23. Reb1 Rdg8 24. Be3 c5 25. Rxb6 Nxb6 26. Bxb7+ Kd7 27. Qf3 Nd5 28. Bxd5 exd5 29. Qxf7+ Be7 30. Rb7+ Kd8 31. Bf4 1-0

[Event "Late-Titled-Tuesday-Blitz-March-12-2024"]
[Site "Chess.com"]
[Date "2024.03.12"]
[Round "4"]
[White "mbojan"]
[Black "GMBenjaminBok"]
[Result "1-0"]
[WhiteElo "2895"]
[BlackElo "3027"]
[TimeControl "180+1"]
[EndTime "14:37:24 PDT"]
[Termination "mbojan won by resignation"]

1. a3 d5 2. h3 e5 3. e3 Nf6 4. d4 Nbd7 5. c4 dxc4 6. Bxc4 Bd6 7. Nc3 O-O 8. Nf3 exd4 9. Nxd4 Ne5 10. Be2 c6 11.
Qc2 Ng6 12. Bd2 Re8 13. Rd1 Qc7 14. Bc1 a6 15. O-O Bd7 16. Nf5 Bh2+ 17. Kh1 Be5 18. Bd3 Rad8 19. Ne2 Ne7 20. Nfg3 Bc8 21. f4 Bd6 22. e4 Ng6 23. e5 Nxe5 24. fxe5 Bxe5 25. Nf4 h6 26. Ngh5 Nxh5 27. Nxh5 Qe7 28. Qf2 Be6 29. Bb1 Rxd1 30. Rxd1 Rd8 31. Re1 Bb8 32. Qc2 g6 33. Nf4 Qh4 34. Rxe6 fxe6 35. Qxg6+ Kf8 36. g3 Qe7 37.
Nxe6+ 1-0

[Event "Late-Titled-Tuesday-Blitz-March-12-2024"]
[Site "Chess.com"]
[Date "2024.03.12"]
[Round "4"]
[White "zverr1"]
[Black "jstopa4"]
[Result "0-1"]
[WhiteElo "2569"]
[BlackElo "2751"]
[TimeControl "180+1"]
[EndTime "14:37:24 PDT"]
[Termination "jstopa4 won on time"]

1. e4 e6 2. d4 d5 3. Nc3 Nf6 4. Bg5 Bb4 5. e5 h6 6. Bd2 Bxc3 7. Bxc3 Ne4 8. Bd2 Nxd2 9. Qxd2 c5 10. Nf3 cxd4 11.
Nxd4 Nc6 12. Bb5 Qb6 13. Bxc6+ bxc6 14. O-O O-O 15. a3 c5 16. Nf3 Bb7 17. c3 Rfd8 18. Rfd1 d4 19. Qe2 Ba6 20. c4 Qb3 21. Rac1 Rab8 22.
Rd2 Rd7 23. h4 Bb7 24. Qd1 Qxd1+ 25. Rcxd1 Ba6 26. b4 cxb4 27. axb4 Rxb4 28. Rxd4 Rxd4 29. Rxd4 Rxc4 30. Rd8+ Kh7 31. Rd7 Rf4 32. Rxa7 Be2 33. Ra3 Bxf3 34. gxf3 Rxh4 35. Kg2 g5 36. Rd3 Rf4 37. Re3 Kg6 38. Kg3 Kf5 39. Re2 Rd4 40. Re3 Rd5 0-1

[Event "Late-Titled-Tuesday-Blitz-March-12-2024"]
[Site "Chess.com"]
[Date "2024.03.12"]
[Round "4"]
[White "Real_taiatai"]
[Black "Misterfox120"]
[Result "0-1"]
[WhiteElo "2535"]
[BlackElo "2388"]
[TimeControl "180+1"]
[EndTime "14:37:24 PDT"]
[Termination "Misterfox120 won by resignation"]

1. e4 c6 2. d4 d5 3. e5 Bf5 4.
Nd2 e6 5. Ngf3 c5 6. c3 Nc6 7. Be2 Nh6 8. O-O Be7 9. Re1 O-O 10. Nf1 Bg4 11. Bxh6 gxh6 12. h3 Bxf3 13. Bxf3 cxd4 14. cxd4 Qb6 15. Re3 Qxd4 16. Qe2 Bg5 17. Rd1 Qc4 18. Qxc4 dxc4 19. Re4 Rad8 20. Rde1 Rd4 21. Rxd4 Nxd4 22.
Bxb7 Rb8 23. Ba6 Rxb2 24. Bxc4 Bh4 25. g3 Nf3+ 26. Kh1 Nxe1 27. gxh4 Rxf2 28. Ng3 Nf3 29. Nf1 Nd2 30. Kg1 Rxf1+ 31. Bxf1 Nxf1 32. Kxf1 f6 33. Kf2 fxe5 34. Kf3 Kf7 35. Ke4 Kf6 36. h5 Kg5 37. Kxe5 Kxh5 38. Kxe6 Kh4 39. a4 Kxh3 40. a5 Kg3 41.
Kd6 h5 42. Kc7 h4 43. Kb7 h3 44. Kxa7 h2 45. a6 h1=Q 46. Kb8 h5 47. a7 h4 48. a8=Q Qxa8+ 49. Kxa8 h3 0-1

[Event "Late-Titled-Tuesday-Blitz-March-12-2024"]
[Site "Chess.com"]
[Date "2024.03.12"]
[Round "4"]
[White "Eliteplayer3"]
[Black "imdvb6307"]
[Result "0-1"]
[WhiteElo "2245"]
[BlackElo "2502"]
[TimeControl "180+1"]
[EndTime "14:37:24 PDT"]
[Termination "imdvb6307 won by resignation"]

1. e4 Nc6 2. Nf3 d6 3. d4 Nf6 4.
Nc3 Bg4 5. Be2 e5 6. d5 Ne7 7.
h3 Bd7 8. Be3 g6 9. Qd2 Bg7 10.
O-O-O O-O 11. Bh6 b5 12. Nxb5 Nxe4 13. Bxg7 Nxd2 14. Bxf8 Nxf3 15. Bxe7 Qxe7 16. gxf3 Rb8 17.
Nc3 Qg5+ 18. Kb1 Qh4 19. a3 Qxf2 20. Rde1 Qb6 21. b3 Bf5 22. Ne4 Qd4 23. Bd3 Rxb3+ 24.
cxb3 Qxd3+ 25. Kb2 Qxf3 26. Nc3 Qg2+ 27. Ka1 Qc2 28.
Nb1 Qxb3 29. Re2 Qxd5 30. Rc1 Qd4+ 31. Rb2 c5 32. Nc3 d5 33. Ne2 Qa4 34. Ka2 d4 35. Rxc5 Be6+ 36. Kb1 Qxa3 37. Rxe5 Bf5+ 38. Kc1 Qa1+ 0-1

[Event "Late-Titled-Tuesday-Blitz-March-12-2024"]
[Site "Chess.com"]
[Date "2024.03.12"]
[Round "4"]
[White "ChessSwole"]
[Black "steepedgames"]
[Result "0-1"]
[WhiteElo "2705"]
[BlackElo "2559"]
[TimeControl "180+1"]
[EndTime "14:37:26 PDT"]
[Termination "steepedgames won by checkmate"]

1. d4 f5 2. g4 fxg4 3. e4 d6 4. Nc3 Nf6 5. h3 g3 6. fxg3 Nc6 7. Nf3 e6 8. Bg2 Be7 9. O-O O-O 10. Be3 e5 11. d5 Nb8 12. Qe2 b6 13. a4 a5 14. Nh4 Ba6 15. Nb5 Nbd7 16. Nf5 Nc5 17. Bxc5 bxc5 18. h4 g6 19. Ne3 Nd7 20. Bh3 Nb6 21.
c4 Bc8 22. Bg2 Bd7 23. b3 Kg7 24. Kh2 h5 25. Bf3 Bxh4 26. gxh4 Qxh4+ 27. Kg1 Rf4 28. Ng2 Qg3 29. Qf2 Qg5 30. Kh2 Raf8 31. Qg3 Qh6 32. Nxc7 h4 33. Qe1 Rxf3 34. Rxf3 Rxf3 35. Qe2 Bg4 36.
Qc2 h3 37. Ne1 Qf4+ 38. Kh1 Rf1# 0-1

[Event "Late-Titled-Tuesday-Blitz-March-12-2024"]
[Site "Chess.com"]
[Date "2024.03.12"]
[Round "4"]
[White "finec2"]
[Black "Casablanca"]
[Result "0-1"]
[WhiteElo "2206"]
[BlackElo "2546"]
[TimeControl "180+1"]
[EndTime "14:37:27 PDT"]
[Termination "Casablanca won by resignation"]

1. e4 c5 2. Nf3 g6 3. d4 cxd4 4.
Nxd4 Bg7 5. Nc3 Nc6 6. Be3 Nf6 7. Bc4 O-O 8. Bb3 d6 9. f3 Bd7 10. Qd2 Rc8 11. O-O-O Ne5 12. h4 Nc4 13. Bxc4 Rxc4 14. h5 Nxh5 15. g4 Nf6 16. b3 Rc5 17. Ne6 fxe6 18.
Bxc5 dxc5 19. g5 Qa5 20. gxf6 Bxf6 21. Nb1 Qxa2 22. Qxd7 Qb2+ 23. Kd2 Bg5+ 24. Ke1 Rxf3 25. Qxe6+ Kg7 26. Qg4 Re3+ 27. Kf1 Qxc2 28. Nd2 Rg3 29.
Qxg3 Qxd1+ 30. Qe1 Qxd2 31. Qxd2 Bxd2 32. Ke2 Bc3 33. Rc1 Bd4 34. Kd3 e6 35. Kc4 a6 36.
Rf1 b5+ 37. Kd3 e5 0-1

[Event "Late-Titled-Tuesday-Blitz-March-12-2024"]
[Site "Chess.com"]
[Date "2024.03.12"]
[Round "4"]
[White "KorolDimitriy75"]
[Black "andrew-blr"]
[Result "0-1"]
[WhiteElo "2433"]
[BlackElo "2643"]
[TimeControl "180+1"]
[EndTime "14:37:28 PDT"]
[Termination "andrew-blr won on time"]

1. d4 d5 2. c4 e6 3. Nc3 c5 4. cxd5 exd5 5. Nf3 Nc6 6. g3 Nf6 7. Bg2 Be7 8. O-O O-O 9. dxc5 Bxc5 10. Na4 Be7 11.
Be3 Re8 12. Rc1 Ne4 13. Nd4 Bd7 14. Nxc6 Bxc6 15. Nc5 Qa5 16. Nxe4 dxe4 17. a3 Bf6 18. Qc2 Qb5 19. b4 Rac8 20. Rfd1 a5 21. Qc5 axb4 22.
axb4 Qxe2 23. Rd2 Qb5 24. Qxb5 Bxb5 25. Rxc8 Rxc8 26. Bxe4 Rc1+ 27. Kg2 Bf1+ 28. Kf3 b5 29. Rd5 Rc8 30. Rxb5 Bxb5 0-1

[Event "Late-Titled-Tuesday-Blitz-March-12-2024"]
[Site "Chess.com"]
[Date "2024.03.12"]
[Round "4"]
[White "PapaieDudu"]
[Black "nindjaxx8"]
[Result "0-1"]
[WhiteElo "2444"]
[BlackElo "2688"]
[TimeControl "180+1"]
[EndTime "14:37:28 PDT"]
[Termination "nindjaxx8 won by resignation"]

1. Nf3 d5 2. d4 Nf6 3. c4 e6 4. Nc3 Be7 5. Bg5 O-O 6. e3 h6 7.
Bh4 b6 8. Bd3 dxc4 9. Bxc4 Bb7 10. Qe2 Nbd7 11. O-O c5 12. Rfd1 cxd4 13. Nxd4 a6 14.
Rac1 b5 15. Bb3 Qb6 16. a4 b4 17. Nb1 Rac8 18. Nd2 Ne5 19. Bg3 Ng6 20. Nc4 Qa7 21. a5 Ne4 22. Nb6 Rxc1 23. Rxc1 Nxg3 24. hxg3 Bf6 25. Rc7 Qb8 26. Qc4 Ne5 27. Qc2 Be4 28. Qc5 Nd3 29. Qc4 Nxb2 30. Qc1 Nd3 31. Qc4 Ne5 32. Qc1 Qd8 33. Qc5 Nd3 34. Qc4 Bxd4 35. exd4 Bd5 36. Nxd5 exd5 37. Qc6 Qg5 38. Rxf7 Rxf7 39.
Bxd5 Qc1+ 40. Qxc1 Nxc1 41. Bc4 b3 0-1

[Event "Late-Titled-Tuesday-Blitz-March-12-2024"]
[Site "Chess.com"]
[Date "2024.03.12"]
[Round "4"]
[White "Svet_1502"]
[Black "Divljasvinja14"]
[Result "0-1"]
[WhiteElo "2224"]
[BlackElo "2496"]
[TimeControl "180+1"]
[EndTime "14:37:29 PDT"]
[Termination "Divljasvinja14 won by resignation"]

1. d4 Nf6 2. c4 g6 3. Nf3 Bg7 4. g3 c6 5. Bg2 d5 6. O-O O-O 7. Ne5 Ng4 8. Nxg4 Bxg4 9. cxd5 cxd5 10. Nc3 Nc6 11. h3 Bd7 12. e3 e6 13. a3 a6 14.
b4 Rc8 15. Bd2 Qe7 16. Rc1 Na7 17. Qb3 Rc4 18. Rfe1 Rfc8 19. Bf1 R4c7 20. Na4 Bxa4 21. Qxa4 Bf8 22. Rxc7 Rxc7 23. Rc1 Rxc1 24. Bxc1 Qc7 25.
Bd2 Kg7 26. Bd3 Bd6 27. Kg2 h5 28. Qc2 Qxc2 29. Bxc2 b5 30. e4 Nc8 31. e5 Be7 32. f4 Nb6 33. Bd3 Nc4 34. Bxc4 bxc4 35. Kf3 Kf8 36. g4 hxg4+ 37. hxg4 Ke8 38. f5 gxf5 39. gxf5 Kd7 40. a4 exf5 41. Kf4 Ke6 42. Bc3 f6 43. exf6 Bxf6 44. b5 axb5 45. axb5 Bd8 46.
Bb4 Bc7+ 47. Kf3 Bd6 48. Bc3 Kd7 49. Ba5 Kc8 50. Ke3 Kb7 51. Kf3 Bc7 52. Bc3 Kb6 53. Ke3 Kxb5 54. Kf3 Ka4 55. Bd2 Kb3 56. Bg5 Kc2 57. Bf6 Kd3 58. Be5 Bb6 59. Kf4 Bxd4 60.
Bd6 c3 61. Kxf5 c2 62. Ba3 Be3 63. Ke6 Kc4 64. Bb2 c1=Q 65. Bxc1 Bxc1 0-1

[Event "Late-Titled-Tuesday-Blitz-March-12-2024"]
[Site "Chess.com"]
[Date "2024.03.12"]
[Round "4"]
[White "BabageldiAnnaberdiyev"]
[Black "platy3"]
[Result "0-1"]
[WhiteElo "2651"]
[BlackElo "2963"]
[TimeControl "180+1"]
[EndTime "14:37:30 PDT"]
[Termination "platy3 won by checkmate"]

1. e4 c5 2. Nf3 e6 3. d3 Nc6 4. Nbd2 g6 5. g3 Bg7 6. Bg2 e5 7.
O-O Nge7 8. a4 d6 9. Nc4 O-O 10. c3 h6 11. h3 Be6 12. Nfd2 Qd7 13. Kh2 Rad8 14. Ne3 b6 15. Nd5 f5 16. Nc4 g5 17.
a5 b5 18. Nxe7+ Nxe7 19. Ne3 f4 20. Nd5 Nxd5 21. exd5 Bf5 22. a6 c4 23. dxc4 bxc4 24. Qa4 Bd3 25. Qxd7 Rxd7 26. Re1 Rb8 27. Be4 Rb5 28. Kg2 Rc7 29. Ra4 Bxe4+ 30. Rxe4 Rxd5 31. Rexc4 Rxc4 32. Rxc4 Rd1 33. Rc8+ Kh7 34. Rc7 Rxc1 35. Rxa7 Ra1 36. b4 e4 37. b5 Ra2 38. gxf4 gxf4 39. b6 e3 40. Rxg7+ Kxg7 41. b7 e2 42. b8=Q e1=Q 43. Qc7+ Kf6 44. Qxd6+ Qe6 45. Qxf4+ Ke7 46. Qc7+ Ke8 47. Qb8+ Kf7 48. Qf4+ Kg6 49. Qg3+ Kh7 50. Qc7+ Kg8 51. a7 Qd5+ 52. Kh2 Rxf2+ 53. Kg3 Rg2+ 54.
Kh4 Qg5# 0-1

[Event "Late-Titled-Tuesday-Blitz-March-12-2024"]
[Site "Chess.com"]
[Date "2024.03.12"]
[Round "4"]
[White "2L8IWUN"]
[Black "HanSchut"]
[Result "1-0"]
[WhiteElo "2175"]
[BlackElo "2322"]
[TimeControl "180+1"]
[EndTime "14:37:30 PDT"]
[Termination "2L8IWUN won on time"]

1. d4 Nf6 2. Nf3 g6 3. g3 Bg7 4. Bg2 O-O 5. O-O d5 6. c4 dxc4 7. Na3 c3 8. bxc3 c5 9. Re1 Nc6 10. e4 cxd4 11. Nxd4 Bd7 12. e5 Ne8 13. e6 fxe6 14.
Nxc6 Bxc6 15. Bxc6 bxc6 16. Qxd8 Rxd8 17. Rxe6 Rd1+ 18.
Kg2 Bxc3 19. Rb1 Bd4 20. Be3 Bxe3 21. Rxd1 Rxf2+ 22. Kh1 Bb6 23. Rxc6 Nf6 24. Nc4 Ng4 25. Nxb6 Rxh2+ 26. Kg1 axb6 27. Rxb6 Rxa2 28. Rf1 Nf6 29. Rb3 Kf7 30. Rf2 h5 31. Rxa2 1-0

[Event "Late-Titled-Tuesday-Blitz-March-12-2024"]
[Site "Chess.com"]
[Date "2024.03.12"]
[Round "4"]
[White "Nick12772"]
[Black "ChainedDowntohell"]
[Result "0-1"]
[WhiteElo "2358"]
[BlackElo "2539"]
[TimeControl "180+1"]
[EndTime "14:37:31 PDT"]
[Termination "ChainedDowntohell won on time"]

1. Nf3 d5 2. g3 Bf5 3. Bg2 Nd7 4. d4 Nb6 5. O-O e6 6. b3 Nf6 7. Nbd2 Bb4 8. Bb2 Ne4 9. Nxe4 Bxe4 10. a3 Be7 11. Rc1 O-O 12. c4 Bf6 13. c5 Nd7 14. b4 c6 15. a4 Re8 16. b5 Bxf3 17. Bxf3 e5 18. e3 exd4 19. Bxd4 Bxd4 20. exd4 Qa5 21. Qb3 Nf8 22. bxc6 bxc6 23. Qb7 Ne6 24. Qxc6 Nxd4 25. Qxd5 Rad8 26. Qh5 Re5 27. Qg4 h5 28. Qf4 Rf5 29.
Qxf5 Nxf5 30. c6 Nd4 31. c7 Rc8 32. Bb7 Rxc7 33. Rxc7 Qxc7 34. Be4 Qe5 0-1

[Event "Late-Titled-Tuesday-Blitz-March-12-2024"]
[Site "Chess.com"]
[Date "2024.03.12"]
[Round "4"]
[White "ExchangeAB"]
[Black "Mbneu"]
[Result "1-0"]
[WhiteElo "2498"]
[BlackElo "2245"]
[TimeControl "180+1"]
[EndTime "14:37:32 PDT"]
[Termination "ExchangeAB won on time"]

1. d4 Nf6 2. Nf3 c5 3. e3 e6 4. c3 b6 5. Nbd2 Ba6 6. Bxa6 Nxa6 7. O-O Be7 8. e4 Nc7 9. e5 Nfd5 10. Ne4 f5 11.
exf6 Nxf6 12. Nxf6+ Bxf6 13. dxc5 bxc5 14. Qd6 Be7 15. Qg3 O-O 16. Bf4 Nd5 17. Bd6 Bxd6 18. Qxd6 Rb8 19. b3 Nxc3 20. Qxc5 Qf6 21. Kh1 Rb5 22.
Qd4 Rf5 23. Qxf6 R8xf6 24. Rac1 Ne4 25. Rc8+ Kf7 26. Rc7 Ke8 27. Rxa7 g5 28. h3 h5 29. Re1 Nxf2+ 30. Kh2 g4 31. Nd4 Rd5 32. Ra4 gxh3 33. gxh3 Rf4 34. Nxe6 Rxa4 35. Nc7+ Kd8 36. Nxd5 Rxa2 37.
Kg3 1-0

[Event "Late-Titled-Tuesday-Blitz-March-12-2024"]
[Site "Chess.com"]
[Date "2024.03.12"]
[Round "4"]
[White "diamonds13"]
[Black "CarlosjPineror"]
[Result "0-1"]
[WhiteElo "2350"]
[BlackElo "2581"]
[TimeControl "180+1"]
[EndTime "14:37:32 PDT"]
[Termination "CarlosjPineror won by resignation"]

1. d4 Nf6 2. c4 e6 3. Nc3 Bb4 4. e3 b6 5. Nf3 Bb7 6. Bd2 Bxc3 7. Bxc3 Ne4 8. Bd3 f5 9. Qc2 O-O 10. Rg1 d6 11. Nd2 Qh4 12. Nf3 Qh6 13. O-O-O Nd7 14. d5 Nxc3 15. Qxc3 e5 16. Be2 a5 17. Kb1 Nc5 18. Nd2 a4 19. h3 Bc8 20. f3 Bd7 21. g4 f4 22. e4 Qxh3 23. Bf1 Qh4 24. Bg2 b5 25. cxb5 Bxb5 26. Bf1 Bxf1 27. Rdxf1 Rfb8 28. Rh1 Qg3 29. Nc4 Rb5 30. Na3 Rb7 31. Qc2 Rab8 32. Rh2 h5 33. gxh5 Rxb2+ 34. Qxb2 Rxb2+ 35. Rxb2 Qh3 36. Rg1 Qxf3 37. h6 Qxe4+ 38. Ka1 g6 39. Nb5 Kh7 40. Nxc7 Qd4 41. Ne6 Qxg1+ 42. Rb1 Qe3 43. Rh1 Nxe6 44. dxe6 Qd4+ 45. Kb1 Qe4+ 46. Kb2 Qxh1 47. e7 Qa8 48. Ka3 Qe8 0-1